 Dungeon Crawl Stone Soup version 0.29-a0-298-g3c90f9a769 (webtiles) character file.

Game seed: 11196419357763925749

3083 GabrielManson the Covert (level 9, -1/72 HPs)
             Began as a Merfolk Wanderer on Mar 2, 2022.
             Was a Believer of Lugonu.
             Slain by a yak (5 damage)
             ... on level 8 of the Dungeon on Mar 23, 2022.
             The game lasted 00:32:03 (7915 turns).

GabrielManson the Covert (Merfolk Wanderer)         Turns: 7915, Time: 00:32:04

Health: -1/72      AC:  9    Str: 12 (14) XL:     9   Next: 89%
Magic:  9/9        EV: 16    Int:  6 (8)  God:    Lugonu [**....]
Gold:   468        SH:  0    Dex: 17 (19) Spells: 8/8 levels left

rFire   + . .      SeeInvis .   m - +1 whip of Obsession {spect, rF+ rN+ rCorr}
rCold   . . .      Faith    .   (no shield)
rNeg    + . .      Spirit   .   c - +0 leather armour
rPois   .          Reflect  .   g - +2 helmet
rElec   .          Harm     .   (no cloak)
rCorr   +          Rampage  .   (no gloves)
Will    +....                   B - +2 pair of boots
Stlth   ++++......              (no amulet)
HPRegen 0.22/turn               n - ring of flight
MPRegen 0.11/turn               A - ring of willpower

@: flying
A: (nimble swimmer 2), mertail
a: Renounce Religion, Depart the Abyss, Bend Space


You were on level 8 of the Dungeon.
You worshipped Lugonu.
Lugonu was pleased with you.
You visited 2 branches of the dungeon, and saw 10 of its levels.

You collected 468 gold pieces.

Inventory:

Hand Weapons
 a - a +0 hunting sling
 e - a +0 dagger
 m - the +1 whip of Obsession (weapon) {spect, rF+ rN+ rCorr}
   (You found it on level 2 of the Dungeon)

   When its wielder attacks, the weapon's spirit leaps out and strikes again.
   The spirit shares a part of any damage it takes with its wielder.
   rF:        It protects you from fire.
   rN:        It protects you from negative energy.
   rCorr:     It protects you from acid and corrosion.
Missiles
 b - 2 throwing nets (quivered)
 d - 8 poisoned darts
Armour
 c - a +0 leather armour (worn)
 g - a +2 helmet (worn)
 B - a +2 pair of boots (worn)
Jewellery
 n - a ring of flight (left hand)
 o - a ring of protection from fire
 w - a ring of poison resistance
 A - a ring of willpower (right hand)
Wands
 v - a wand of acid (5)
Scrolls
 f - a scroll of vulnerability {unknown}
 h - 5 scrolls of blinking
 i - 5 scrolls of identify {unknown}
 j - a scroll of teleportation {unknown}
 l - a scroll of magic mapping {unknown}
 p - a scroll of fear {unknown}
 q - 2 scrolls of noise {unknown}
 t - a scroll of amnesia {unknown}
 x - a scroll of brand weapon {unknown}
 y - a scroll of enchant armour {unknown}
 z - a scroll of enchant weapon {unknown}
Potions
 u - a potion of curing


   Skills:
 + Level 7.3 Fighting
 + Level 6.6 Maces & Flails
 - Level 2.0(2.6) Slings
 - Level 3.0(3.4) Throwing
 - Level 1.4 Armour
 + Level 7.8 Dodging
 + Level 8.0 Stealth


You had 8 spell levels left.
You didn't know any spells.
Your spell library contained the following spells:

 Spells                   Type           Power      Damage    Failure   Level
 Sting                    Tmut/Pois      0%         1d3       54%         1
 Poisonous Vapours        Pois/Air       0%         N/A       67%         2
 Gell's Gravitas          Tloc           0%         N/A       88%         3
 Lesser Beckoning         Tloc           0%         N/A       88%         3
 Teleport Other           Tloc           0%         N/A       88%         3
 Hailstorm                Conj/Ice       0%         3d3       99%         4
 Ice Form                 Ice/Tmut       0%         N/A       99%         4
 Olgreb's Toxic Radiance  Pois           0%         N/A       99%         4
 Simulacrum               Ice/Necr       0%         N/A       100%        6


Dungeon Overview and Level Annotations

Branches:
Dungeon (9/15)             Temple (1/1) D:5            Lair (0/6) D:8
    Orc: D:9-12

Altars:
Cheibriados
Dithmenos
Elyvilon
Hepliaklqana
Kikubaaqudgha
Makhleb
Sif Muna
Trog
Uskayaw
Vehumet
Wu Jian
Xom
Yredelemnul
Zin
The Shining One
Lugonu

Shops:
D:7 *


Innate Abilities, Weirdness & Mutations

((You are very nimble when in or above water. (Stealth+, EV+, Speed+++)))
Your lower body shifts to a powerful aquatic tail in water.


Message History

Reactivating autopickup.
The yak bellows! x4; The centaur shouts!
Found 7 gold pieces.
Found an escape hatch in the floor.
There is a stone staircase leading up here.
The orc warrior hits you with a +0 hand axe.
The orc priest begins to cast a cantrip, but forgets the words!
The centaur wields a +0 shortbow.
The centaur shoots an arrow.
The arrow barely misses you.
You fly upwards.
The orc barely misses you. x3
There is a stone staircase leading down, spattered with blood here.
The orc priest misses you.
The orc priest attacks as you move away!
The orc priest hits you but does no damage.
The orc attacks as you move away! The orc hits you but does no damage.
The yak attacks as you move away! The yak barely misses you.
You hit the orc.
The orc is severely wounded.
Your +1 whip of Obsession {spect, rF+ rN+ rCorr} hits the orc!
You kill the orc!
Lugonu accepts your kill.
The orc warrior hits you with a +0 hand axe!
* * * LOW HITPOINT WARNING * * *
Aiming: Corrosive Bolt
Press: ? - help, Shift-Dir - straight line, f - orc
Aim: an orc, wielding a +1 trident of protection (71% to hit)
The bolt of acid hits the orc warrior!
The acid corrodes the orc warrior!
The orc warrior is severely wounded.
The bolt of acid hits the orc priest.
The acid corrodes the orc priest!
The orc priest is moderately wounded.
The bolt of acid hits the orc!
The acid corrodes the orc!
You kill the orc!
Lugonu accepts your kill.
The orc warrior hits you with a +0 hand axe.
* * * LOW HITPOINT WARNING * * *
The yak attacks as you move away! The yak gores you.
* * * LOW HITPOINT WARNING * * *
The orc priest yells loudly.
The yak attacks as you move away! The yak closely misses you.
The yak attacks as you move away! The yak gores you.
You die...

#.#.####!.........$.
...#................
_.
#.###.............
#............##
#.#..)>......#
...#..........# .#
###h.####### ###o{.#
#@Yo#.#
#.......#####
#..######


You could see a yak, a warg, an orc warrior (corroded) and an orc priest
(corroded).

Vanquished Creatures
  A manticore (D:7)
  A warg (D:8)
  A water moccasin (D:6)
  5 sky beasts (D:6)
  An orc warrior (D:7)
  A black bear (D:6)
  2 ice beasts (D:7)
  2 ogres (D:5)
  2 centaurs (D:6)
  2 bullfrogs
  3 necrophages (D:6)
  A scorpion (D:6)
  3 wights (D:6)
  A howler monkey (D:5)
  A crimson imp (D:4)
  5 hounds
  2 orc priests
  4 iguanas
  7 orc wizards
  4 gnolls (D:4)
  5 adders
  A shadow imp (D:7)
  3 white imps
  2 worms
  5 dart slugs
  24 orcs
  5 ball pythons
  4 bats
  4 endoplasms
  4 giant cockroaches
  6 goblins
  9 hobgoblins
  A jackal (D:1)
  11 quokkas
  9 frilled lizards
  A goblin skeleton (D:4)
  2 hobgoblin zombies (D:4)
  10 kobolds
  A kobold skeleton (D:4)
  2 kobold zombies (D:4)
  2 orc skeletons (D:4)
  An orc zombie (D:4)
  5 rats
166 creatures vanquished.

Notes
Turn   | Place    | Note
-------+----------+-------------------------------------------
     0 | D:1      | GabrielManson the Merfolk Wanderer began the quest for the
                  | Orb.
     0 | D:1      | GabrielManson set off with the following items: a +0
                  | hunting sling, 3 throwing nets, a +0 leather armour, 10
                  | poisoned darts, a +0 dagger
     0 | D:1      | Reached XP level 1. HP: 13/13 MP: 1/1
   105 | D:1      | Reached XP level 2. HP: 20/20 MP: 2/2
   260 | D:1      | Reached skill level 1 in Fighting
   260 | D:1      | Reached skill level 1 in Stealth
   403 | D:1      | Reached XP level 3. HP: 26/26 MP: 3/3
   407 | D:1      | Found a faded altar of an unknown god.
   960 | D:2      | Identified the +1 whip of Obsession {spect, rF+ rN+ rCorr}
  1135 | D:2      | Reached skill level 1 in Maces & Flails
  1135 | D:2      | Reached XP level 4. HP: 32/32 MP: 4/4
  1859 | D:3      | Reached XP level 5. HP: 18/37 MP: 5/5
  2553 | D:3      | Found a white marble altar of Elyvilon.
  2897 | D:4      | Found a burning altar of Makhleb.
  2897 | D:4      | Noticed a green death
  2902 | D:4      | Noticed a neqoxec
  2902 | D:4      | Noticed an orange demon
  2950 | D:4      | Reached XP level 6. HP: 9/43 MP: 6/6
  3318 | D:4      | Found a glowing golden altar of the Shining One.
  3326 | D:4      | Reached skill level 2 in Stealth
  3824 | D:5      | Entered Level 5 of the Dungeon
  3831 | D:5      | Upgraded the game from 0.29-a0-234-g0dae59b3db to
                  | 0.29-a0-241-g20d21d4356
  3904 | D:5      | Found a staircase to the Ecumenical Temple.
  3915 | D:5      | Reached skill level 3 in Stealth
  3915 | D:5      | Reached XP level 7. HP: 38/51 MP: 7/7
  3994 | Temple   | Entered the Ecumenical Temple
  4027 | Temple   | Became a worshipper of Lugonu the Unformed
  4027 | Temple   | Reached * piety under Lugonu
  5170 | D:6      | Reached skill level 4 in Stealth
  5305 | D:6      | Reached XP level 8. HP: 39/60 MP: 8/8
  5499 | D:6      | Reached skill level 5 in Stealth
  5609 | D:6      | Reached skill level 5 in Maces & Flails
  5705 | D:6      | Reached skill level 5 in Fighting
  5717 | D:6      | HP: 3/62 [something (3)]
  5723 | D:6      | HP: 2/62 [centaur/arrow (6)]
  5727 | D:6      | Reached skill level 6 in Stealth
  6087 | D:6      | Reached XP level 9. HP: 28/69 MP: 9/9
  6279 | D:6      | Upgraded the game from 0.29-a0-241-g20d21d4356 to
                  | 0.29-a0-289-g2178c42546
  6539 | D:6      | Reached skill level 7 in Stealth
  6823 | D:7      | Noticed a manticore
  6832 | D:7      | Killed a manticore
  6864 | D:7      | Reached ** piety under Lugonu
  6865 | D:7      | Upgraded the game from 0.29-a0-289-g2178c42546 to
                  | 0.29-a0-298-g3c90f9a769
  7167 | D:7      | Found Maqoroy's General Store.
  7482 | D:7      | Found a hide-covered altar of Uskayaw.
  7484 | D:7      | Found a snail-covered altar of Cheibriados.
  7486 | D:7      | Found a bloodstained altar of Trog.
  7859 | D:8      | Found an ancient bone altar of Kikubaaqudgha.
  7868 | D:8      | Found a staircase to the Lair.
  7885 | D:8      | Reached skill level 8 in Stealth
  7913 | D:8      | HP: 3/72 [yak (6)]
  7915 | D:8      | Slain by a yak

Illustrated notes

Levels and vault maps discovered:
D:1:      scummos_arrival_hexagon, layout_loops_ring,
          hellmonk_ecumenical_altar_blasted, minmay_octomino_c4
D:2:      layout_basic
D:3:      layout_loops_cross, mainiacjoe_overflow_alcove_1, st_stairs_11,
          minmay_door_square, minivault_14, grunt_ministairs_14
D:4:      layout_basic, makhleb_altar_promises_db, nicolae_tso_besieged_by_evil,
          gup_sewer_entry_pipe
D:5:      layout_loops_corners, temple_green
D:6:      kb_forest_paths, layout_basic
D:7:      layout_loops_ring, grunt_temple_overflow_open, serial_shops,
          nicolae_shop_stone
D:8:      layout_rooms, nicolae_ru_awakened_eye, nemelex_altar_shiori,
          mainiacjoe_overflow_cross_hatched, erik_lair_orcish_takeover,
          david_defended_altar_orc, uniq_prince_ribbit1, uniq_maggie
D:9:      layout_long_grid, fedhas_bush_and_centaur_altar,
          mainiacjoe_overflow_large_starburst, marbit_many_paths
Temple:   corrupted_temple

Skill      XL: |  1  2  3  4  5  6  7  8  9 |
---------------+----------------------------+-----
Fighting       | 1 2 3 5 7 |  7.3
Stealth        | 1 3 4 6 8 |  8.0
Slings         | 2 |  2.0
Maces & Flails | 1 2 3 4 5 6 |  6.6
Dodging        | 6 7 |  7.8
Throwing       | |  3.0
Armour         | |  1.4

Action                   |  1- 3 |  4- 6 |  7- 9 || total
-------------------------+-------+-------+-------++-------
Melee: Hunting sling     |     3 |       |       ||     3
       Whip              |    16 |   158 |   219 ||   393
       Punch             |       |     1 |     3 ||     4
 Fire: Hunting sling     |    74 |       |       ||    74
Throw: Throwing net      |     2 |       |     1 ||     3
       Dart              |     3 |       |     1 ||     4
Evoke: Wand              |       |       |     7 ||     7
  Use: Potion            |       |       |     8 ||     8
       Scroll            |       |       |     1 ||     1
 Stab: Sleeping          |       |     4 |    10 ||    14
       Distracted        |       |     2 |     7 ||     9
Armor: Leather armour    |    10 |    23 |    61 ||    94
       Skin              |       |       |     6 ||     6
Dodge: Dodged            |    38 |    63 |   132 ||   233

Table legend: (Time is in decaauts)
 A = Elapsed time spent in this place.
 B = Non-inter-level travel time spent in this place.
 C = Inter-level travel time spent in this place.
 D = Time resting spent in this place.
 E = Time spent auto-exploring this place.
 F = Levels seen in this place.
 G = Mean time per level.
                   A        B        C        D        E       F      G
               +--------+--------+--------+--------+--------+-----+--------+
         Total |   7868 |   7693 |    175 |    785 |   5527 |  10 |  786.8 |
       Dungeon |   7815 |   7640 |    175 |    785 |   5521 |   9 |  868.3 |
        Temple |     53 |     53 |      0 |      0 |      6 |   1 |   53.0 |
               +--------+--------+--------+--------+--------+-----+--------+

Top non-repeatable levels by time:
     D:6: 1694 daAuts
     D:5: 1185 daAuts
     D:2: 1111 daAuts
     D:7: 1057 daAuts
     D:3: 1056 daAuts
     D:4: 916 daAuts
     D:1: 741 daAuts
  Temple: 53 daAuts
     D:8: 50 daAuts
     D:9: 1 daAuts
